 Dungeon Crawl Stone Soup version 0.31.0-9-g3a7656b989 (webtiles) character file.

Game seed: 13051019021873305557

59 qw the Shooter (level 3, 0/18 HPs)
             Began as a Spriggan Hunter on Feb 2, 2024.
             Slain by an orc
             ... wielding a +0 dagger
              (2 damage)
             ... on level 3 of the Dungeon.
             The game lasted 00:00:04 (1319 turns).

qw the Shooter (Spriggan Hunter)                    Turns: 1319, Time: 00:00:05

Health: 0/18       AC:  2    Str:  7    XL:     3   Next: 78%
Magic:  4/4        EV: 19    Int: 10    God:
Gold:   113        SH:  0    Dex: 20    Spells: 2/2 levels left

rFire   . . .        a - +1 shortbow
rCold   . . .        (shield currently unavailable)
rNeg    . . .        c - +0 robe
rPois   .            (helmet restricted)
rElec   .            (no cloak)
rCorr   .            (gloves unavailable)
SInv    +            (boots unavailable)
Will    +....        d - amulet of the acrobat
Stlth   +            (no ring)
HPRegen 0.23/turn    (no ring)
MPRegen 0.09/turn

%: acrobat
@: confused, enlightened, flying, very quick
A: very small, no large weapons, unfitting armour, see invisible, speed 3
a: no special abilities


You were on level 3 of the Dungeon.
You visited 1 branch of the dungeon, and saw 3 of its levels.

You collected 113 gold pieces.


Innate Abilities, Weirdness & Mutations

You are very small and have problems with some larger weapons.
You are too small for most types of armour.
You have supernaturally acute eyesight. (SInv)
You cover ground extremely quickly. (Speed+++)


   Skills:
 - Level 1.5 Fighting
 - Level 5.0 Ranged Weapons
 + Level 4.0 Dodging
 - Level 1.5 Stealth


You had 2 spell levels left.
You didn't know any spells.
Your spell library was empty.

Inventory:

Hand Weapons
 a - a +1 shortbow (weapon)
Armour
 c - a +0 robe (worn)
Jewellery
 d - an amulet of the acrobat (around neck)
Wands
 j - a wand of charming (4)
Scrolls
 f - 2 scrolls of teleportation
Potions
 b - a potion of heal wounds
 h - a potion of degeneration {unknown}
 i - a potion of invisibility {unknown}
 k - a potion of mutation {unknown}

Dungeon Overview and Level Annotations

Branches:
Dungeon (3/15)

Altars:


Message History

You feel sick. x8
You are no longer poisoned.
HP restored.
Enter note:
Enter note:
Enter note:
There is a stone staircase leading down here.
Done exploring.
What level of the Dungeon? (default 3, ? - help)
You climb downwards.
The orc shouts! x3; The orc wizard shouts!
You hear an angry hiss.
There is a stone staircase leading up here.
There are monsters nearby!
Waypoint 2 assigned to D:3.
1313 ||| STAIRDANCE The orc wizard gestures at you while chanting.
You are confused.
The orc completely misses you.
In your confused state, you trip and fall back down the stairs.
The orc hits you with a +0 dagger. The orc barely misses you.
1315 ||| STAIRDANCE The orc wizard misses you.
The orc hits you with a +0 dagger. The orc closely misses you.
In your confused state, you trip and fall back down the stairs.
The orc wizard gestures at you while chanting.
You resist with some effort. The orc closely misses you.
The orc hits you with a +0 falchion!
1317 ||| STAIRDANCE The orc wizard completely misses you.
The orc hits you but does no damage.
The orc wizard hits you but does no damage.
The orc misses you. The orc completely misses you.
In your confused state, you trip and fall back down the stairs.
The orc wizard completely misses you. The orc completely misses you.
The orc wizard completely misses you. The orc hits you with a +0 falchion.
The orc barely misses you.
1319 ||| DRINKING cyan potion.
It was a potion of enlightenment.
You feel very buoyant.
You fly up into the air.
The orc wizard misses you. The orc hits you with a +0 dagger.
You die...

.# .# .#
####.#
##....######
..........#
#........#
#o@o.....#
#ooo.....#
...r......#
#.##........#
# ####.#####
.# .# .#


You could see 2 orc wizards, 3 orcs and a rat.

Vanquished Creatures
  2 adders (D:2)
  A dart slug (D:2)
  A ribbon worm (D:2)
  3 ball pythons
  3 endoplasms
  9 goblins
  5 hobgoblins
  3 kobolds
  A quokka (D:2)
  2 bats
  2 frilled lizards
  3 rats (D:1)
35 creatures vanquished.

Notes
Turn   | Place    | Note
-------+----------+-------------------------------------------
     0 | D:1      | qw the Spriggan Hunter began the quest for the Orb.
     0 | D:1      | Reached XP level 1. HP: 10/10 MP: 2/2
     0 | D:1      | 0 ||| qw: Version: 0.3-a-155-g5e7d8dd
     0 | D:1      | 0 ||| qw: Game counter: 696
     0 | D:1      | 0 ||| qw: Melee chars always use a shield: true
     0 | D:1      | 0 ||| qw: God list: Okawaru
     0 | D:1      | 0 ||| qw: Allow faded altars: false
     0 | D:1      | 0 ||| qw: Do Orc after clearing Dungeon:15 true
     0 | D:1      | 0 ||| qw: Do second Lair branch before Depths: true
     0 | D:1      | 0 ||| qw: Lair rune preference: random
     0 | D:1      | 0 ||| qw: Goals: Normal
     0 | D:1      | 0 ||| PLANNING D:1-11
    26 | D:1      | Reached skill level 3 in Dodging
   150 | D:1      | Reached XP level 2. HP: 13/14 MP: 3/3
   575 | D:1      | 575 ||| UPGRADING to amulet of the acrobat.
   580 | D:1      | 580 ||| READING scroll labelled HYHEERCH WOIXEA.
   580 | D:1      | 580 ||| ENCHANTING +0 shortbow.
   581 | D:1      | 581 ||| READING 3 scrolls labelled XOMETROITAW.
   586 | D:1      | 586 ||| READING scroll labelled PUUNGITZEN.
   586 | D:1      | 586 ||| IDENTIFYING fizzy red potion
   587 | D:1      | 587 ||| READING scroll labelled GIUCAMP KESMA.
   614 | D:1      | 614 ||| DROPPING scroll of butterflies.
   615 | D:1      | 615 ||| DROPPING potion of lignification.
   666 | D:2      | Reached XP level 3. HP: 12/18 MP: 4/4
  1010 | D:2      | Reached skill level 5 in Ranged Weapons
  1200 | D:2      | 1200 ||| DROPPING scarf of shadows.
  1201 | D:2      | 1201 ||| READING scroll of identify.
  1201 | D:2      | 1201 ||| IDENTIFYING coppery potion
  1202 | D:2      | 1202 ||| READING scroll labelled JIDUM FEJU.
  1203 | D:2      | 1203 ||| READING scroll labelled QIXTEU YGOPI.
  1205 | D:2      | 1205 ||| Stepping ~*~*~tactically~*~*~ (cloud).
  1212 | D:2      | HP: 4/18 [poisoned by you (poison gas)]
  1313 | D:3      | 1313 ||| STAIRDANCE
  1315 | D:3      | 1315 ||| STAIRDANCE
  1317 | D:3      | 1317 ||| STAIRDANCE
  1318 | D:3      | HP: 2/18 [orc/+0 falchion (4)]
  1319 | D:3      | 1319 ||| DRINKING cyan potion.
  1319 | D:3      | Slain by an orc

Levels and vault maps discovered:
D:1:      wander_arrival_chamber, layout_loops_ring
D:2:      layout_loops_ring
D:3:      layout_rooms

Skill      XL: |  1  2  3 |
---------------+----------+-----
Dodging        | 3 4 |  4.0
Ranged Weapons | 5 |  5.0
Fighting       | |  1.5
Stealth        | |  1.5

Action                     || total
---------------------------++-------
   Fire: Shortbow          ||    81
    Use: Scroll            ||     7
         Potion            ||     1
 Armour: Robe              ||    11
  Dodge: Dodged            ||    25

Table legend:
 A = Non-vault XP
 B = Vault XP
 C = Vault XP percentage of total XP
 D = Non-vault monster count
 E = Vault monster count
 F = Vault count percentage of total count
                 A         B        C        D         E       F
            +---------+---------+-------+---------+---------+-------
      Total |      85 |       0 |   0.0 |      35 |       0 |   0.0
            +---------+---------+-------+---------+---------+-------
        D:1 |      32 |       0 |   0.0 |      19 |       0 |   0.0
        D:2 |      53 |       0 |   0.0 |      16 |       0 |   0.0
            +---------+---------+-------+---------+---------+-------
